 Dungeon Crawl Stone Soup version 0.30-a0-393-g54b8e3be05 (webtiles) character file.

Game seed: 12389509070259980759

73 NinjaNoafa the Ducker (level 4, 0/35 HPs)
             Began as a Merfolk Gladiator on Dec 5, 2022.
             Slain by Sigmund
             ... wielding a +0 scythe of protection
              (9 damage)
             ... on level 2 of the Dungeon.
             The game lasted 00:02:55 (1228 turns).

NinjaNoafa the Ducker (Merfolk Gladiator)           Turns: 1228, Time: 00:02:56

Health: 0/35       AC:  6    Str: 14    XL:     4   Next: 27%
Magic:  4/4        EV: 14    Int:  7    God:
Gold:   68         SH:  0    Dex: 17    Spells: 3/3 levels left

rFire   + . .      SeeInvis .    a - +0 rapier
rCold   . . .      Faith    .    (no shield)
rNeg    . . .      Spirit   .    b - +0 leather armour
rPois   .          Reflect  .    c - +0 helmet
rElec   .          Harm     .    (no cloak)
rCorr   .          Rampage  .    (no gloves)
Will    .....                    (no boots)
Stlth   +.........               (no amulet)
HPRegen 0.25/turn                (no ring)
MPRegen 0.09/turn                (no ring)

@: no status effects
A: (nimble swimmer 2), mertail, iridescent scales 1, fire resistance 1, mutation
resistance 1
a: no special abilities


You were on level 2 of the Dungeon.
You visited 1 branch of the dungeon, and saw 2 of its levels.

You collected 110 gold pieces.
You spent 42 gold pieces at shops.

Inventory:

Hand Weapons
 a - a +0 rapier (weapon)
Missiles
 d - 2 throwing nets (quivered)
 i - 17 stones
 k - 6 poisoned darts
Armour
 b - a +0 leather armour (worn)
 c - a +0 helmet (worn)
Jewellery
 l - a ring of ice
Scrolls
 f - a scroll of vulnerability {unknown}
 g - a scroll of noise {unknown}
 j - a scroll of poison {unknown}
 m - a scroll of brand weapon {unknown}
 n - 4 scrolls of silence {unknown}
 o - 3 scrolls of identify {unknown}
 p - 2 scrolls of teleportation {unknown}
 q - a scroll of amnesia {unknown}
Potions
 s - a potion of brilliance {unknown}
 t - a potion of might
 u - 2 potions of flight {unknown}


   Skills:
 + Level 3.2 Fighting
 + Level 4.5 Short Blades
 - Level 2.0 Throwing
 + Level 5.0 Dodging


You had 3 spell levels left.
You didn't know any spells.
Your spell library contained the following spells:

 Spells                   Type           Power      Damage    Failure   Level
 Cigotuvi's Dreadful Rot  Necr/Pois/Air  0%         N/A       65%         2
 Dispel Undead            Necr           0%         3d6       99%         4
 Death Channel            Necr           0%         N/A       100%        6


Dungeon Overview and Level Annotations

Branches:
Dungeon (2/15)

Altars:

Shops:
D:2 *!

Annotations:
D:2 Sigmund


Innate Abilities, Weirdness & Mutations

((You are very nimble when in or above water. (Stealth+, EV+, Speed+++)))
Your lower body shifts to a powerful aquatic tail in water.
You are partially covered in iridescent scales. (AC +2)
Your flesh is heat resistant. (rF+)
You are somewhat resistant to further mutation.


Message History

You no longer feel cold resistant.
Iridescent scales grow over part of your body.
You feel resistant to heat.
You feel genetically stable. The adder barely misses you.
Something barely misses you. The adder closely misses you.
Unknown command.
You closely miss something. You punch something.
The adder bites you but does no damage.
You hit something but do no damage. Something barely misses you.
The adder misses you.
You hit something but do no damage. The adder bites you but does no damage.
You hear some strange, mumbled words.
A puff of flame appears from out of thin air!
The puff of flame hits you. You resist.
You hit something. The adder misses you.
You hear some strange, mumbled words.
Something tries to affect you, but you resist.
The adder barely misses you.
You miss something. The adder bites you but does no damage. Something hits you!
You hit the adder but do no damage. The adder misses you.
You hit the adder.
The adder is lightly wounded.
The adder barely misses you. Something hits you.
* * * LOW HITPOINT WARNING * * *
You puncture the adder!
The adder is almost dead.
The adder misses you. Something hits you.
* * * LOW HITPOINT WARNING * * *
The adder barely misses you.
Okay, then.
You hit the adder.
You kill the adder!
Your Dodging skill increases to level 5!
You hit something. Something barely misses you.
You closely miss something. Something hits you but does no damage.
You hit something but do no damage. You closely miss something.
Sigmund appears from thin air!
Reactivating autopickup.
Sigmund hits you with a +0 scythe of protection!
You die...

#...#.#.##...#.........#.
#..(.......#####.......#
#.....#.##...#...<####.#
#...#+#.###..#.##.####.##
#.. #.#.# #....#...#.....
##.. #.#.###.#..........##
.....#>#.....####...#...##
#...#.ā‰ˆ###### ##.#######
#...#gā‰ˆā€ @.# #.# #
#.###āˆ©#.@.........# #
#.###.#######.# # #. ...
.# # #+ #### # # # # #


You could see Sigmund and a hobgoblin.

Vanquished Creatures
  4 adders (D:2)
  A dart slug (D:2)
  3 bats (D:1)
  2 endoplasms
  2 giant cockroaches
  A hobgoblin (D:2)
  4 jackals (D:1)
  3 kobolds
  7 ball pythons
  A frilled lizard (D:1)
  3 goblins
  A rat (D:2)
32 creatures vanquished.

Notes
Turn   | Place    | Note
-------+----------+-------------------------------------------
     0 | D:1      | NinjaNoafa the Merfolk Gladiator began the quest for the
                  | Orb.
     0 | D:1      | Reached XP level 1. HP: 16/16 MP: 1/1
   114 | D:1      | Reached XP level 2. HP: 23/23 MP: 2/2
   800 | D:2      | Reached XP level 3. HP: 24/28 MP: 3/3
   823 | D:2      | Found Uzuiduz's Distillery.
   837 | D:2      | Bought a potion of curing for 42 gold pieces
   985 | D:2      | Reached XP level 4. HP: 10/35 MP: 4/4
  1190 | D:2      | Found Westrif's Assorted Antiques.
  1194 | D:2      | Noticed Sigmund
  1212 | D:2      | Gained mutation: You are strong-willed. (Will+) [potion of
                  | mutation]
  1212 | D:2      | Gained mutation: You have very sharp teeth. [potion of
                  | mutation]
  1212 | D:2      | Lost mutation: You are strong-willed. (Will+) [potion of
                  | mutation]
  1214 | D:2      | Lost mutation: You have very sharp teeth. [potion of
                  | mutation]
  1214 | D:2      | Gained mutation: You occasionally lose the ability to read
                  | scrolls when taking damage. [potion of mutation]
  1214 | D:2      | Gained mutation: Your flesh is cold resistant. (rC+)
                  | [potion of mutation]
  1215 | D:2      | Lost mutation: You occasionally lose the ability to read
                  | scrolls when taking damage. [potion of mutation]
  1215 | D:2      | Lost mutation: Your flesh is cold resistant. (rC+) [potion
                  | of mutation]
  1215 | D:2      | Gained mutation: You are partially covered in iridescent
                  | scales. (AC +2) [potion of mutation]
  1215 | D:2      | Gained mutation: Your flesh is heat resistant. (rF+)
                  | [potion of mutation]
  1215 | D:2      | Gained mutation: You are somewhat resistant to further
                  | mutation. [potion of mutation]
  1225 | D:2      | Reached skill level 5 in Dodging
  1228 | D:2      | Slain by Sigmund

Illustrated notes

Levels and vault maps discovered:
D:1:      saegor_arrival_simple_d, layout_loops_ring
D:2:      layout_loops_ring, serial_shops, shop_statue,
          nicolae_shop_hallway_stairs, minmay_snake_closets, uniq_sigmund

Skill      XL: |  1  2  3  4 |
---------------+-------------+-----
Short Blades   | 4 |  4.5
Fighting       | 3 |  3.2
Dodging        | 5 |  5.0
Throwing       | |  2.0

Action                   |  1- 3 |  4- 6 || total
-------------------------+-------+-------++-------
Melee: Rapier            |    99 |    29 ||   128
       Punch             |     2 |     1 ||     3
Throw: Javelin           |     1 |     3 ||     4
       Throwing net      |       |     1 ||     1
  Use: Potion            |     2 |     4 ||     6
 Stab: Sleeping          |     2 |       ||     2
Armor: Leather armour    |    48 |    10 ||    58
Dodge: Dodged            |   123 |    35 ||   158

Table legend: (Time is in decaauts)
 A = Elapsed time spent in this place.
 B = Non-inter-level travel time spent in this place.
 C = Inter-level travel time spent in this place.
 D = Time resting spent in this place.
 E = Time spent auto-exploring this place.
 F = Levels seen in this place.
 G = Mean time per level.
                   A        B        C        D        E       F      G
               +--------+--------+--------+--------+--------+-----+--------+
         Total |   1226 |   1202 |     24 |      0 |    923 |   2 |  613.0 |
       Dungeon |   1226 |   1202 |     24 |      0 |    923 |   2 |  613.0 |
               +--------+--------+--------+--------+--------+-----+--------+

Top non-repeatable levels by time:
     D:1: 713 daAuts
     D:2: 513 daAuts
